Map: Dreamcatcher LE

Players

axu - Winner!

  • Race: Protoss Protoss
  • League: Platinum
  • Spawn Location: 11:00

Carrik

  • Race: Zerg Zerg
  • League: Diamond
  • Spawn Location: 5:00

VOD

Have the link to the VOD?

Description

Time

  • Played on: May 21, 2018, 10:03 a.m.
  • Length: 22:58
Show
View Real Time Build Order
Export as new Build Order

axu Protoss - Winner!

Build Orders: 1 Gate Expand, Oracle Opening 

Get SALT Encoding   

  12  0:01  Probe  
  13  0:13  Probe  
  14  0:21  Pylon  
  14  0:25  Probe  
  15  0:39  Probe  
  15  0:42  Gateway  
  16  0:49  Probe  
  16  0:52  Assimilator  
  17  0:57  Probe  
  18  1:09  Probe  
  19  1:30  Probe  
  19  1:34  Nexus  
  19  1:47  Cybernetics Core  
  19  1:56  Probe  
  19  2:00  Assimilator  
  20  2:09  Pylon  
  20  2:10  Probe  
  21  2:28  Adept  
  23  2:30  Warp Gate  
  23  2:38  Stargate  
  23  2:41  Probe  
  24  2:49  Probe  
  25  2:53  Probe  
  25  2:55  Adept  
  28  3:01  Probe  
  28  3:05  Probe  
  30  3:13  Probe  
  30  3:17  Probe  
  32  3:20  Pylon  
  32  3:22  Oracle  
  32  3:25  Probe  
  36  3:27  Adept  
  36  3:32  Probe  
  39  3:45  Probe x2  
  41  3:49  Twilight Council  
  41  3:57  Probe x2  
  43  4:05  Phoenix  
  43  4:09  Probe x2  
  47  4:10  Adept  
  47  4:15  Gateway x2  
  49  4:19  Robotics Facility  
  45  4:44  Probe  
  45  4:45  Probe  
  47  4:50  Assimilator  
  47  4:52  Assimilator  
  47  4:56  Probe  
  47  4:57  Probe  
  49  5:09  Probe x2  
  51  5:21  Probe x2  
  53  5:29  Pylon  
  53  5:32  Pylon  
  53  5:40  Templar Archives  
  53  5:42  Gateway  
  53  5:48  Pylon  
  53  6:07  Adept x3  
  53  6:09  Charge  
  59  6:14  Gateway  
  59  6:15  Gateway  
  59  6:20  Gateway x2  
  59  6:22  Gateway  
  59  6:23  Gateway  
  59  6:30  High Templar x3  
  65  6:40  Immortal, Forge  
  65  6:42  Forge  
  65  6:45  Nexus  
  65  6:47  Pylon  
  65  6:51  Pylon  
  69  6:55  Psionic Storm  
  69  7:03  Pylon  
  69  7:16  Zealot x4  
  69  7:18  Zealot  
  69  7:19  High Templar x2  
  69  7:20  Immortal, High Templar  
  89  7:30  Protoss Ground Weapons Level 1  
  89  7:40  Protoss Ground Armor Level 1  
  89  7:49  Immortal  
  89  7:56  Shield Battery  
  89  7:59  Shield Battery  
  89  8:01  Probe x2  
  89  8:02  Probe  
  89  8:05  Assimilator  
  96  8:09  Assimilator  
  96  8:13  Probe x2  
  96  8:14  Probe  
  99  8:23  Robotics Facility  
  99  8:28  Immortal  
  99  8:29  Gateway  
  99  8:30  Gateway  
  99  8:33  Gateway  
  103  8:38  Probe x3  
  104  8:46  Probe x3  
  109  9:07  Observer  
  110  9:15  Photon Cannon  
  110  9:16  Photon Cannon  
  110  9:18  Shield Battery  
  110  9:19  Pylon  
  110  9:24  Pylon  
  110  9:26  Pylon, Photon Cannon  
  110  9:31  High Templar x3, Photon Cannon  
  116  9:40  Archon, Pylon  
  116  9:42  High Templar  
  116  9:43  High Templar x4, Pylon  
  126  9:46  Archon  
  126  9:47  Archon  
  126  9:50  Archon  
  127  9:53  Observer  
  125  10:04  Zealot x2  
  125  10:05  Zealot x3  
  91  10:36  Zealot x3  
  91  10:37  Zealot x3  
  91  10:38  Zealot  
  89  11:03  Zealot x3  
  89  11:04  Zealot x4  
  89  11:05  Zealot x3  
  99  11:13  Nexus  
  99  11:25  High Templar x3  
  101  11:26  High Templar x5  
  101  11:30  Observer  
  116  11:44  Archon  
  116  11:45  Archon, Pylon  
  116  11:46  Pylon  
  116  11:48  Immortal  
  116  11:52  Immortal  
  116  11:54  Probe x2  
  126  12:06  Probe x2  
  125  12:18  Probe  
  126  12:39  Zealot x2  
  126  12:40  Zealot x5  
  126  12:41  Zealot x2  
  126  12:42  Zealot  
  146  12:49  Immortal x2  
  120  13:06  Archon  
  120  13:07  Archon  
  112  13:17  Zealot x4  
  120  13:20  High Templar x4  
  120  13:21  High Templar x2  
  132  13:31  Immortal x2  
  140  13:35  Protoss Ground Armor Level 2, Protoss Ground Weapons Level 2  
  140  13:58  Zealot x3  
  140  14:02  Nexus  
  134  14:21  Zealot x3  
  134  14:22  Zealot x2  
  142  14:37  Pylon  
  142  14:39  Pylon  
  142  14:42  Pylon  
  142  14:43  Fleet Beacon  
  142  14:54  High Templar x2  
  142  14:55  High Templar x4  
  142  14:58  Archon x2  
  142  14:59  Archon  
  154  15:10  Assimilator  
  154  15:13  Assimilator  
  118  15:48  Zealot x3  
  118  15:49  Zealot x6  
  128  15:50  Zealot  
  130  16:05  Stargate  
  130  16:06  Stargate  
  126  16:35  Zealot x5  
  126  16:36  High Templar x4  
  126  16:37  High Templar  
  143  17:07  Carrier x2  
  143  17:11  Probe x4  
  147  17:17  Carrier  
  147  17:20  Graviton Catapult  
  147  17:21  Protoss Ground Weapons Level 3  
  149  17:23  Probe  
  149  17:29  Immortal  
  154  17:30  Immortal  
  158  17:56  Nexus  
  158  18:10  Mothership  
  166  18:33  Carrier x2  
  178  18:37  Pylon  
  178  18:39  Pylon  
  178  18:40  Zealot x2  
  178  18:41  Zealot x6  
  186  18:42  Zealot, Pylon  
  186  18:45  Anion Pulse-Crystals  
  196  18:50  Protoss Ground Armor Level 3  
  188  19:40  Probe  
  189  19:52  Probe  
  190  19:58  Protoss Shields Level 1  
  188  20:04  Probe, Photon Cannon  
  188  20:05  Photon Cannon  
  173  20:07  Photon Cannon  
  173  20:10  Photon Cannon  
  173  20:13  Photon Cannon  
  173  20:16  Probe  
  173  20:18  Photon Cannon  
  132  20:28  Probe  
  132  20:31  Zealot x3  
  132  20:32  Zealot x6  
  135  20:51  High Templar  
  135  20:52  High Templar x4  
  135  20:53  High Templar x3  
  135  20:55  High Templar  
  153  20:58  Archon x2  
  149  21:23  Carrier  
  153  21:40  Stalker x2  
  153  21:41  Stalker x3  
  148  22:06  Zealot x6  
  148  22:07  Zealot x4  
  168  22:24  Assimilator  
  168  22:27  Assimilator  
Show
View Real Time Build Order
Export as new Build Order

Carrik Zerg 

Build Orders: Hatch First, Lurkers 

Get SALT Encoding   

  12  0:01  Drone  
  13  0:13  Overlord  
  13  0:21  Drone  
  14  0:33  Drone x2  
  16  0:36  Drone  
  17  0:55  Hatchery  
  16  1:00  Drone  
  16  1:02  Extractor  
  16  1:03  Drone  
  17  1:20  Spawning Pool  
  16  1:34  Drone x2  
  16  1:37  Drone  
  19  1:48  Overlord  
  19  2:01  Drone  
  19  2:07  Queen  
  22  2:10  Metabolic Boost  
  22  2:13  Zergling x4  
  24  2:21  Queen  
  26  2:25  Drone  
  26  2:28  Drone  
  28  2:32  Drone  
  28  2:36  Drone  
  30  2:40  Zergling x2  
  31  2:52  Pneumatized Carapace  
  31  2:54  Drone x3  
  34  3:04  Overlord  
  34  3:12  Queen  
  35  3:14  Overlord  
  35  3:21  Spore Crawler  
  35  3:24  Spore Crawler  
  33  3:36  Hatchery  
  33  3:40  Drone  
  33  3:41  Drone x2  
  35  3:47  Drone  
  36  3:56  Zergling x4  
  38  4:03  Zergling x2  
  38  4:04  Zergling x6  
  42  4:10  Extractor  
  42  4:12  Drone, Extractor  
  42  4:13  Drone  
  42  4:17  Lair  
  42  4:22  Roach Warren  
  42  4:23  Drone  
  42  4:24  Drone  
  40  4:42  Overlord x2  
  40  4:50  Overlord  
  40  4:53  Drone x3  
  40  4:54  Drone x3  
  46  5:01  Drone  
  46  5:07  Overlord x2  
  47  5:15  Drone x4  
  47  5:20  Drone  
  52  5:26  Hydralisk Den  
  52  5:27  Evolution Chamber  
  52  5:28  Roach x2  
  54  5:37  Roach  
  54  5:38  Roach x2  
  54  5:41  Glial Reconstitution  
  60  5:44  Drone  
  61  6:08  Spore Crawler  
  61  6:09  Drone  
  61  6:10  Drone x7  
  68  6:18  Overseer  
  67  6:24  Zerg Missile Weapons Level 1  
  67  6:28  Muscular Augments  
  67  6:29  Roach  
  67  6:30  Roach x6  
  81  6:55  Overlord x2  
  81  6:57  Drone x6  
  81  6:59  Extractor  
  81  7:00  Extractor  
  85  7:02  Extractor  
  85  7:03  Lurker Den  
  83  7:09  Overlord x2  
  83  7:15  Roach x3  
  89  7:27  Hydralisk  
  89  7:28  Hydralisk x2  
  95  7:33  Hydralisk  
  97  7:50  Hydralisk x8  
  113  7:52  Overlord x2  
  113  8:01  Drone  
  114  8:09  Overlord x2  
  114  8:20  Zerg Missile Weapons Level 2  
  114  8:26  Overseer  
  114  8:30  Hydralisk x6  
  114  8:31  Hydralisk  
  129  8:41  Drone x4  
  129  8:42  Drone x3  
  135  9:16  Lurker  
  135  9:17  Lurker x7  
  143  9:25  Roach  
  143  9:27  Overlord x2, Overseer  
  143  9:28  Overseer  
  109  10:44  Hydralisk x15  
  109  10:45  Hydralisk x4  
  110  11:06  Hydralisk x3  
  110  11:07  Hydralisk x3  
  110  11:10  Overlord x2  
  113  11:14  Lurker x2  
  113  11:15  Lurker x3  
  113  11:18  Lurker  
  119  11:24  Roach x3  
  125  11:31  Roach x3  
  131  11:41  Roach x2  
  135  11:48  Extractor  
  135  11:49  Hatchery  
  135  11:52  Extractor  
  132  12:04  Roach  
  132  12:05  Roach x6  
  146  12:30  Hydralisk  
  146  12:31  Hydralisk x3  
  146  12:33  Overlord x3  
  146  12:36  Zerg Ground Armor Level 1  
  154  12:40  Infestation Pit  
  154  12:42  Drone  
  154  12:43  Overlord x2  
  104  13:21  Hydralisk  
  104  13:22  Hydralisk x10  
  104  13:25  Lurker x2  
  104  13:26  Lurker x6  
  134  13:37  Overseer  
  134  13:38  Overseer  
  134  13:39  Overseer  
  134  13:46  Drone  
  134  13:47  Drone x8  
  143  14:00  Hydralisk x2  
  143  14:01  Hydralisk x2  
  137  14:19  Overlord x2  
  137  14:23  Overseer  
  137  14:24  Overseer  
  137  14:27  Hydralisk x2  
  137  14:28  Hydralisk x7  
  155  14:31  Pathogen Glands  
  155  14:33  Hive  
  155  14:39  Spine Crawler  
  155  14:40  Spore Crawler  
  155  14:41  Spine Crawler  
  155  14:45  Queen  
  152  14:52  Drone  
  155  14:53  Drone  
  156  15:11  Overseer x2  
  98  15:47  Hydralisk x9  
  98  15:48  Hydralisk x14  
  142  16:01  Spire  
  141  16:08  Zerg Missile Weapons Level 3, Ultralisk Cavern  
  140  16:13  Evolution Chamber  
  131  16:27  Lurker  
  131  16:28  Lurker  
  131  16:29  Lurker x3  
  136  16:36  Lurker x2  
  135  17:04  Chitinous Plating  
  128  17:26  Drone x2  
  128  17:28  Drone x3  
  133  17:36  Hatchery  
  132  17:40  Extractor  
  131  17:55  Corruptor  
  131  17:56  Corruptor x7  
  147  18:13  Overlord x2  
  147  18:16  Corruptor x2  
  151  18:22  Greater Spire  
  141  19:22  Corruptor  
  141  19:23  Corruptor x6  
  111  20:34  Extractor  
  106  20:38  Hatchery  
  106  20:39  Extractor  
  102  20:46  Brood Lord x4  
  110  20:52  Hydralisk  
  110  20:53  Hydralisk x2  
  104  21:36  Brood Lord  
  42  22:22  Viper, Roach  
  47  22:23  Roach  
  47  22:24  Roach x6  
Tags
 
Add a new tag
Caveats
  • Supply blocks, unpowered buildings, or Contaminate may cause inaccurate times.
  • Supply counts are checked every 10 seconds.